 Dungeon Crawl Stone Soup version 0.30.2 (webtiles) character file.

Game seed: 3036536667201026250

670 Ashen the Chiller (level 7, -1/68 HPs)
             Began as an Ogre Ice Elementalist on Jan 19, 2024.
             Was an Initiate of Vehumet.
             Slain by Maggie
             ... wielding a +1 morningstar of flaming
              (10 damage)
             ... on level 6 of the Dungeon.
             The game lasted 00:08:57 (5534 turns).

Ashen the Chiller (Ogre Ice Elementalist)           Turns: 5534, Time: 00:08:58

Health: -1/68      AC:  3    Str: 13    XL:     7   Next: 58%
Magic:  4/14       EV: 10    Int: 24    God:    Vehumet [......]
Gold:   202        SH:  0    Dex:  9    Spells: 2/16 levels left

rFire   . . .        A - +0 giant club
rCold   . . .        (shield currently unavailable)
rNeg    . . .        a - +0 robe
rPois   .            (helmet restricted)
rElec   .            (no cloak)
rCorr   .            (gloves unavailable)
SInv    .            (boots unavailable)
Will    .....        (no amulet)
Stlth   ++           f - +6 ring of intelligence
HPRegen 0.31/turn    (no ring)
MPRegen 0.14/turn

%: no passive effects
@: mesmerised
A: large, unfitting armour, tough skin 1
a: Renounce Religion


You were on level 6 of the Dungeon.
You worshipped Vehumet.
Vehumet was noncommittal.
You visited 2 branches of the dungeon, and saw 7 of its levels.

You collected 202 gold pieces.

Inventory:

Hand Weapons
 A - a +0 giant club (weapon)
Armour
 a - a +0 robe (worn)
Jewellery
 f - a +6 ring of intelligence (left hand)
 t - a ring of ice
Wands
 u - a wand of acid (7)
Scrolls
 c - 2 scrolls of fog {unknown}
 h - 2 scrolls of immolation {unknown}
 j - a scroll of vulnerability {unknown}
 k - 6 scrolls of identify {unknown}
 l - a scroll of brand weapon {unknown}
 n - a scroll of enchant armour {unknown}
 q - a scroll of noise {unknown}
 w - a scroll of poison {unknown}
 y - a scroll of magic mapping {unknown}
Potions
 b - a potion of magic
 d - 3 potions of brilliance {unknown}
 e - 2 potions of resistance {unknown}
 g - a potion of cancellation {unknown}
 i - a potion of attraction {unknown}
 m - a potion of might {unknown}
 o - 2 potions of curing {unknown}
 p - a potion of berserk rage {unknown}
 r - a potion of flight {unknown}
 s - a potion of mutation {unknown}
 v - a potion of experience {unknown}
 x - 2 potions of degeneration {unknown}
 z - a potion of ambrosia {unknown}


   Skills:
 + Level 3.8 Fighting
 + Level 0.2 Maces & Flails
 + Level 3.1 Dodging
 + Level 2.7 Stealth
 * Level 5.2 Spellcasting
 * Level 5.3 Ice Magic


You had 2 spell levels left.
You knew the following spells:

 Your Spells              Type           Power      Damage    Failure   Level
a - Freeze                Ice            100%       1d10      1%          1
b - Frozen Ramparts       Ice            62%        1d10      3%          3
c - Ozocubu's Armour      Ice            31%        N/A       3%          3
d - Summon Ice Beast      Ice/Summ       19%        N/A       28%         4
e - Swiftness             Air            6%         N/A       26%         3

Your spell library contained the following spells:

 Spells                   Type           Power      Damage    Failure   Level
 Shock                    Conj/Air       24%        1d4       9%          1
 Hailstorm                Conj/Ice       19%        3d6       9%          3
 Stone Arrow              Conj/Erth      12%        3d7       26%         3
 Ice Form                 Ice/Tmut       19%        N/A       28%         4
 Airstrike                Air            3%         2d(1-17)  65%         4
 Animate Armour           Summ/Erth      12%        N/A       65%         4
 Simulacrum               Ice/Necr       9%         N/A       99%         6
 Lehudib's Crystal Spear  Conj/Erth      3%         10d2      100%        8


Dungeon Overview and Level Annotations

Branches:
Dungeon (6/15)             Temple (1/1) D:4

Altars:
Ashenzari
Cheibriados
Dithmenos
Elyvilon
Fedhas
Gozag
Hepliaklqana
Nemelex Xobeh
Okawaru
Qazlal
Ru
Sif Muna
Trog
Uskayaw
Vehumet
Wu Jian
Xom
Yredelemnul
The Shining One

Shops:
D:3 [   D:4 [

Annotations:
D:3 Sigmund
D:4 3 runed translucent doors, Tuss's ghost, amateur HuFi
D:6 Maggie
Temple 2 transporters


Innate Abilities, Weirdness & Mutations

You are too large for most types of armour.
You have tough skin. (AC +1)


Message History

Maggie is moderately wounded.
The wall freezes Maggie.
Maggie barely misses you.
You hit Maggie but do no damage.
Maggie is heavily wounded.
The wall freezes Maggie.
Maggie gestures at you while chanting. The bolt of fire hits you!
The wall freezes Maggie.
Maggie hits you with a +1 morningstar of flaming!
Maggie burns you. The heat melts your icy armour.
You barely miss Maggie.
Maggie is severely wounded.
Your icy armour starts to melt.
The wall freezes Maggie but does no damage.
Maggie barely misses you.
You closely miss Maggie.
Maggie is severely wounded.
The wall freezes Maggie.
Maggie barely misses you.
The wall freezes Maggie but does no damage.
Maggie hits you but does no damage.
You hit Maggie but do no damage.
Maggie is severely wounded.
The wall freezes Maggie but does no damage.
Maggie gestures wildly while chanting.
Maggie attempts to bespell you!
You are mesmerised by Maggie!
The wall freezes Maggie.
Maggie closely misses you.
You closely miss Maggie.
Maggie is severely wounded.
The wall freezes Maggie.
Maggie hits you with a +1 morningstar of flaming!
* * * LOW HITPOINT WARNING * * *
Your icy armour melts away.
Maggie burns you.
* * * LOW HITPOINT WARNING * * *
You hit Maggie but do no damage.
Maggie is severely wounded.
The frozen ramparts melt away.
Maggie hits you with a +1 morningstar of flaming!
You die...

... #.#
#.# #.#
#.# #.#
#@# #@#
#.# #.#
#.#### #.#
#....# #.#
#....####.
#.#
#.........
#.#
#....####.
#.# #....#
#.#
#....###..


You could see Maggie (mesmerising).

Vanquished Creatures
  A black bear (D:5)
  An ogre (D:5)
  A sky beast (D:4)
  Blork the orc (D:4)
  A scorpion (D:4)
  A hound (D:4)
  Natasha (thrice) (D:3)
  An orc wizard (D:5)
  4 adders
  3 gnolls (D:6)
  An ufetubus (D:4)
  2 worms (D:2)
  2 dart slugs
  7 orcs
  8 endoplasms
  3 giant cockroaches
  2 goblins
  7 hobgoblins
  3 quokkas
  4 ball pythons
  5 bats
  2 frilled lizards (D:2)
  4 kobolds
  4 rats
71 creatures vanquished.

Notes
Turn   | Place    | Note
-------+----------+-------------------------------------------
     0 | D:1      | Ashen the Ogre Ice Elementalist began the quest for the
                  | Orb.
     0 | D:1      | Reached XP level 1. HP: 16/16 MP: 3/3
   275 | D:1      | Reached XP level 2. HP: 24/26 MP: 3/5
   591 | D:1      | Found a faded altar of an unknown god.
   619 | D:1      | Reached skill level 1 in Fighting
  1023 | D:2      | Reached XP level 3. HP: 33/33 MP: 2/7
  2278 | D:3      | Noticed Sigmund
  2309 | D:3      | Reached XP level 4. HP: 37/42 MP: 4/8
  2459 | D:3      | Noticed Natasha
  2463 | D:3      | Killed Natasha
  2593 | D:3      | Found Eraty's Armour Shop.
  2609 | D:3      | Noticed Natasha
  2615 | D:3      | Killed Natasha
  2616 | D:3      | Reached XP level 5. HP: 32/49 MP: 5/10
  2667 | D:3      | Noticed Natasha
  2672 | D:3      | Killed Natasha
  3177 | D:4      | Noticed a sky beast
  3188 | D:4      | Killed a sky beast
  3189 | D:4      | Reached XP level 6. HP: 31/59 MP: 6/12
  3193 | D:4      | Learned a level 3 spell: Frozen Ramparts
  3197 | D:4      | Learned a level 3 spell: Ozocubu's Armour
  3202 | D:4      | Learned a level 4 spell: Summon Ice Beast
  3390 | D:4      | Found a staircase to the Ecumenical Temple.
  3399 | Temple   | Entered the Ecumenical Temple
  3399 | Temple   | Found a transporter.
  3399 | Temple   | Found a transporter.
  3401 | Temple   | Found a transporter.
  3401 | Temple   | Found a transporter.
  3412 | Temple   | Became a worshipper of Vehumet
  3489 | D:4      | Noticed Blork the orc
  3499 | D:4      | Killed Blork the orc
  3565 | D:4      | Found a runed translucent gate.
  3566 | D:4      | Found a runed translucent gate.
  3567 | D:4      | Found a runed translucent gate.
  3567 | D:4      | Noticed an orc warrior
  3984 | D:4      | Noticed Tuss's ghost (amateur HuFi)
  4032 | D:4      | Found Ufiogire's Armour Boutique.
  4304 | D:5      | Entered Level 5 of the Dungeon
  4402 | D:5      | Learned a level 3 spell: Swiftness
  4648 | D:5      | Noticed a black bear
  4663 | D:5      | Killed a black bear
  4664 | D:5      | Reached skill level 5 in Ice Magic
  4664 | D:5      | Reached XP level 7. HP: 67/67 MP: 7/14
  4887 | D:5      | Found a sparkling altar of Nemelex Xobeh.
  4917 | D:5      | Reached skill level 5 in Spellcasting
  5514 | D:6      | Noticed Maggie
  5534 | D:6      | Slain by Maggie

Illustrated notes

Levels and vault maps discovered:
D:1:      psy_arrival_radial02, layout_basic,
          hellmonk_ecumenical_altar_arch_garden
D:2:      layout_basic, corexii_hall_statues_l
D:3:      layout_basic, serial_shops, nicolae_shop_crystal, uniq_sigmund,
          uniq_natasha
D:4:      layout_cave_pods, minmay_temple_entry_grid, serial_shops, shop,
          gammafunk_ghost_split, uniq_blork_the_orc
D:5:      layout_basic, nemelex_altar_shiori
D:6:      layout_rooms, uniq_maggie
Temple:   hellmonk_temple_divided_pantheon

Skill      XL: |  1  2  3  4  5  6  7 |
---------------+----------------------+-----
Fighting       | 1 2 3 |  3.8
Dodging        | 2 3 |  3.1
Spellcasting   | 3 4 5 |  5.2
Ice Magic      | 4 5 |  5.3
Stealth        | 2 |  2.7
Maces & Flails | |  0.2

Action                     |  1- 3 |  4- 6 |  7- 9 || total
---------------------------+-------+-------+-------++-------
  Melee: Unarmed           |    23 |     5 |       ||    28
         Giant club        |       |       |    10 ||    10
   Cast: Freeze            |    50 |    45 |     7 ||   102
         Frozen Ramparts   |       |     2 |     4 ||     6
         Ozocubu's Armour  |       |     1 |     2 ||     3
         Summon Ice Beast  |       |       |     1 ||     1
  Evoke: Wand              |       |     3 |     3 ||     6
   Stab: Sleeping          |       |     1 |       ||     1
 Armour: Robe              |    18 |     4 |     1 ||    23
  Dodge: Dodged            |    27 |    14 |    11 ||    52
